 Dungeon Crawl Stone Soup version 0.26-a0-259-g1effd001a9 (webtiles) character file.

Game seed: 10624387037951243861

11365 Apogee the Warrior (level 11, -2/122 HPs)
             Began as a Deep Dwarf Necromancer on July 10, 2020.
             Was a Priest of Makhleb.
             Slain by a red ugly thing (19 damage)
             ... on level 11 of the Dungeon.
             The game lasted 00:33:19 (9709 turns).

Apogee the Warrior (Deep Dwarf Necromancer)         Turns: 9709, Time: 00:33:21

Health: -2/122     AC:  9    Str: 17    XL:     11   Next: 48%
Magic:  1/1        EV: 12    Int: 22    God:    Makhleb [***...]
Gold:   376        SH:  0    Dex: 13    Spells: 12/13 levels left

rFire    . . .     SeeInvis .   I - +12 war axe of Migub {vamp, *Contam Str+3 Int+5}
rCold    . . .     Faith    .   (no shield)
rNeg     + . .     Spirit   .   N - +1 acid dragon scales
rPois    .         Reflect  .   L - +0 helmet
rElec    .         Harm     .   (no cloak)
rCorr    +                      F - +0 pair of gloves
MR       ++...                  (no boots)
Stlth    ++........             (no amulet)
HPRegen  0.00/turn              B - ring of positive energy
MPRegen  0.07/turn              P - ring of protection from magic

@: non-regenerating
A: damage resistance, heal wounds, sense surroundings 2, no regeneration
a: Heal Wounds, Minor Destruction, Lesser Servant of Makhleb, Renounce Religion


You were on level 11 of the Dungeon.
You worshipped Makhleb.
Makhleb was most pleased with you.
You were not hungry.

You visited 2 branches of the dungeon, and saw 12 of its levels.

You collected 597 gold pieces.
You spent 221 gold pieces at shops.

Inventory:

Hand Weapons
 a - a +4 vorpal spear
 e - a +4 hand axe of flaming
 l - a +0 hunting sling
 C - the +10 flail "Laomoapo" {elec, Int+5}
   (You found it on level 9 of the Dungeon)

   Occasionally, upon striking a foe, it will discharge some electrical energy
   and cause terrible harm.
   It affects your intelligence (+5).
 I - the +12 war axe of Migub (weapon) {vamp, *Contam Str+3 Int+5}
   (You bought it in a shop on level 9 of the Dungeon)

   It inflicts no extra harm, but heals its wielder when it wounds a living foe.
   It affects your strength (+3).
   It affects your intelligence (+5).
   It causes magical contamination when unequipped.
Missiles
 f - 2 throwing nets
 g - 405 stones
 H - 22 poisoned darts (quivered)
Armour
 k - a +0 chain mail
 n - a +0 robe
 v - a +0 ring mail
 A - a +0 scale mail
 F - a +0 pair of gloves (worn)
 L - a +0 helmet (worn)
 N - +1 acid dragon scales (worn)
 Z - a +0 plate armour
Jewellery
 o - an uncursed ring of protection from magic
 p - an uncursed ring of protection from cold
 B - a ring of positive energy (left hand)
 P - a ring of protection from magic (right hand)
 U - a +4 ring of protection {unknown}
 V - the ring of Doubts {rElec rPois rCorr Int-2, unknown}
   (You found it on level 10 of the Dungeon)

   [ring of resist corrosion]

   It affects your intelligence (-2).
   It insulates you from electricity.
   It protects you from poison.
   It provides partial protection from all sources of acid and corrosion.
Wands
 h - a wand of random effects (68)
 O - a wand of acid (9)
 Y - a wand of digging (4)
Scrolls
 b - 5 scrolls of identify
 j - 2 scrolls of fog {unknown}
 m - 10 scrolls of remove curse
 q - a scroll of amnesia {unknown}
 s - a scroll of blinking {unknown}
 t - 2 scrolls of teleportation {unknown}
 y - 2 scrolls of enchant weapon {unknown}
 z - a scroll of summoning {unknown}
 D - 3 scrolls of magic mapping {unknown}
 E - 3 scrolls of random uselessness
 G - a scroll of immolation {unknown}
 R - 2 scrolls of enchant armour {unknown}
 S - a scroll of silence {unknown}
Potions
 d - 2 potions of flight
 i - 2 potions of might
 r - a potion of heal wounds {unknown}
 u - a potion of brilliance
 w - 2 potions of curing
 x - a potion of lignification
 J - a potion of ambrosia
 T - 2 potions of cancellation {unknown}
 X - a potion of berserk rage
Comestibles
 c - 26 rations


   Skills:
 + Level 15.1 Fighting
 * Level 5.8(5.9) Axes
 - Level 0.3(3.2) Maces & Flails
 - Level 2.2 Dodging
 - Level 2.5 Stealth
 - Level 1.8 Spellcasting
 - Level 4.4 Necromancy


You had 12 spell levels left.
You knew the following spells:

 Your Spells              Type           Power        Failure   Level
a - Pain                  Necr           ###.         3%          1

Your spell library contained the following spells:

 Spells                   Type           Power        Failure   Level
 Animate Skeleton         Necr           ###...       3%          1
 Vampiric Draining        Necr           ###.......   10%         3
 Poisonous Vapours        Pois/Air       #.....       28%         2
 Animate Dead             Necr           ###.......   30%         4
 Conjure Flame            Conj/Fire      #.......     50%         3
 Mephitic Cloud           Conj/Pois/Air  #.......     50%         3
 Agony                    Necr           ###.....     65%         5
 Freezing Cloud           Conj/Ice/Air   #.........   100%        6
 Ring of Flames           Chrm/Fire      #.........   100%        7


Dungeon Overview and Level Annotations

Branches:
Dungeon (11/15)            Temple (1/1) D:6            Lair (0/6) D:8
    Orc (0/2) D:9

Altars:
Ashenzari
Cheibriados
Fedhas
Hepliaklqana
Makhleb
Nemelex Xobeh
Okawaru
Qazlal
Sif Muna
Trog
Vehumet
Xom
Zin

Shops:
D:7 }   D:9 *([

Annotations:
D:3 2 transporters
D:9 exclusion: two-headed ogre


Innate Abilities, Weirdness & Mutations

You are resistant to damage.
You can heal yourself by infusing magical energy.
You passively map the area around you.
You do not regenerate.


Message History

You closely miss the red ugly thing.
The red ugly thing is moderately wounded.
The red ugly thing tentacle-slaps you but does no damage.
You slash the red ugly thing!
You feel better.
The red ugly thing is heavily wounded.
The red ugly thing closely misses you.
You slash the red ugly thing!
The red ugly thing is severely wounded.
The red ugly thing tentacle-slaps you but does no damage.
You hit the red ugly thing.
You feel better.
The red ugly thing is severely wounded.
The red ugly thing tentacle-slaps you!
You are engulfed in flames!
You barely miss the red ugly thing.
The red ugly thing is severely wounded.
The red ugly thing tentacle-slaps you!
You are engulfed in flames!
* * * LOW HITPOINT WARNING * * *
The red ugly thing tentacle-slaps you!
* * * LOW HITPOINT WARNING * * *
You are engulfed in flames!!
You die...

#.# * #.# #.# * *
#.# , #.# , #.#
,,, , .#### #.# ,
=.....########.#
,
.$....'Su@.....#
, ,
,......##########
..... ,, .... *
... * **#+ * * *
,


You could see a red ugly thing and an adder.

Vanquished Creatures
  Harold (D:10)
  3 two-headed ogres
  3 death yaks (D:8)
  Pikel (D:7)
  A manticore (D:8)
  Maggie (D:7)
  3 hippogriffs
  6 yaks (D:8)
  An orc warrior (D:10)
  5 ice beasts
  Purgy (D:3)
  A necrophage (D:10)
  2 sky beasts
  A black bear (D:10)
  An ogre (D:9)
  A phantom (D:8)
  4 centaurs
  4 lemures (D:7)
  2 big kobolds (D:10)
  5 bullfrogs
  A gnoll sergeant (D:5)
  3 killer bees (D:8)
  12 wights
  A bullfrog zombie (D:10)
  7 howler monkeys
  A quasit (D:9)
  A centaur skeleton (D:5)
  3 hounds
  3 orc priests
  A gnoll shaman (D:8)
  4 jellies
  A bullfrog skeleton (D:10)
  8 orc wizards
  3 iguanas
  7 worker ants
  2 hound zombies
  3 hound skeletons
  3 worker ant zombies
  15 adders
  17 gnolls
  5 shadow imps
  A white imp (D:10)
  An ufetubus (D:5)
  3 oozes
  3 adder zombies
  3 worms
  3 dart slugs (D:2)
  2 leopard geckos
  12 orcs
  2 ball pythons (D:1)
  6 giant cockroaches
  2 goblins (D:2)
  6 hobgoblins
  10 jackals
  10 kobolds
  5 quokkas
  2 bats
  A frilled lizard (D:2)
  2 leopard gecko skeletons
  A quokka skeleton (D:9)
  A rat (D:3)
  A plant (D:9)
225 creatures vanquished.

Notes
Turn   | Place    | Note
-------+----------+-------------------------------------------
     0 | D:1      | Apogee the Deep Dwarf Necromancer began the quest for the
                  | Orb.
     0 | D:1      | Reached XP level 1. HP: 15/15 MP: 3/3
   231 | D:1      | Reached skill level 1 in Fighting
   252 | D:1      | You fall into a shaft and drop 1 floor!
   260 | D:2      | Reached XP level 2. HP: 18/25 MP: 0/4
   324 | D:2      | Reached skill level 2 in Fighting
   324 | D:2      | Reached XP level 3. HP: 11/32 MP: 0/5
   790 | D:2      | Reached skill level 3 in Fighting
   883 | D:2      | Reached XP level 4. HP: 18/42 MP: 0/5
  1154 | D:2      | You fall into a shaft and drop 2 floors!
  1265 | D:4      | Found a sand-covered staircase.
  1449 | D:4      | Reached skill level 4 in Fighting
  1581 | D:3      | Found a transporter.
  1623 | D:3      | Found a transporter.
  1736 | D:3      | Reached XP level 5. HP: 37/50 MP: 0/5
  2339 | D:3      | Reached skill level 5 in Fighting
  2513 | D:3      | Noticed Purgy
  2532 | D:3      | Killed Purgy
  2532 | D:3      | Reached XP level 6. HP: 37/62 MP: 1/6
  3449 | D:5      | Entered Level 5 of the Dungeon
  3455 | D:5      | Reached skill level 6 in Fighting
  3462 | D:5      | Noticed an ice beast
  3471 | D:5      | Killed an ice beast
  3707 | D:5      | Found a sparkling altar of Nemelex Xobeh.
  3746 | D:5      | Reached XP level 7. HP: 57/70 MP: 6/6
  3810 | D:5      | Reached skill level 7 in Fighting
  4561 | D:6      | Found a snail-covered altar of Cheibriados.
  4561 | D:6      | Found a shimmering altar of Xom.
  4563 | D:6      | Found a radiant altar of Vehumet.
  4624 | D:6      | Found a staircase to the Ecumenical Temple.
  4633 | Temple   | Entered the Ecumenical Temple
  4678 | Temple   | Became a worshipper of Makhleb the Destroyer
  4784 | D:6      | Reached skill level 8 in Fighting
  4856 | D:6      | Reached XP level 8. HP: 39/82 MP: 7/7
  5245 | D:6      | Reached skill level 9 in Fighting
  5553 | D:7      | Noticed a hippogriff
  5777 | D:7      | Noticed a hippogriff
  5800 | D:7      | Killed a hippogriff
  5800 | D:7      | Reached skill level 10 in Fighting
  5922 | D:7      | Noticed Maggie
  5950 | D:7      | Killed Maggie
  5950 | D:7      | Gained mutation: You passively map the area around you.
                  | [Deep Dwarf growth]
  5950 | D:7      | Reached XP level 9. HP: 33/94 MP: 7/7
  6040 | D:7      | Reached * piety under Makhleb
  6046 | D:7      | Found Lipomes's Gadget Shoppe.
  6257 | D:7      | Noticed Pikel
  6371 | D:7      | Reached skill level 11 in Fighting
  6589 | D:7      | Killed Pikel
  6993 | D:8      | Found a staircase to the Lair.
  6993 | D:8      | Noticed a death yak
  7147 | D:8      | Reached skill level 12 in Fighting
  7559 | D:8      | Noticed a two-headed ogre
  7561 | D:8      | Reached XP level 10. HP: 44/109 MP: 7/7
  7583 | D:8      | Killed a two-headed ogre
  7583 | D:8      | Reached skill level 13 in Fighting
  7674 | D:8      | Noticed a manticore
  7703 | D:8      | Killed a manticore
  7809 | D:8      | Noticed a death yak
  7816 | D:8      | Noticed a death yak
  7835 | D:8      | Killed a death yak
  7835 | D:8      | Reached ** piety under Makhleb
  7849 | D:8      | Killed a death yak
  7849 | D:8      | Reached skill level 14 in Fighting
  7869 | D:8      | Killed a death yak
  8113 | D:9      | Found Vugguyt's Weapon Emporium.
  8117 | D:9      | Reached XP level 11. HP: 100/121 MP: 2/2
  8278 | D:9      | Found a staircase to the Orcish Mines.
  8318 | D:9      | Found Amyuc's Armour Shop.
  8363 | D:9      | Noticed a two-headed ogre
  8417 | D:9      | Got a slimy flail
  8424 | D:9      | Identified the +10 flail "Laomoapo" {elec, Int+5} (You
                  | found it on level 9 of the Dungeon)
  8505 | D:9      | Found Xehaes's Assorted Antiques.
  8508 | D:9      | Bought a polished war axe for 221 gold pieces
  8508 | D:9      | Identified the +12 war axe of Migub {vamp, *Contam Str+3
                  | Int+5} (You bought it in a shop on level 9 of the Dungeon)
  8529 | D:9      | Reached skill level 1 in Axes
  8758 | D:9      | Noticed a two-headed ogre
  8778 | D:9      | Killed a two-headed ogre
  8958 | D:10     | Entered Level 10 of the Dungeon
  9037 | D:10     | Got a pitted steel ring
  9104 | D:10     | Reached *** piety under Makhleb
  9170 | D:10     | Reached skill level 15 in Fighting
  9334 | D:10     | Noticed Harold
  9345 | D:10     | Killed Harold
  9345 | D:10     | Reached skill level 5 in Axes
  9473 | D:10     | Noticed a two-headed ogre
  9490 | D:10     | Killed a two-headed ogre
  9699 | D:11     | Noticed a red ugly thing
  9709 | D:11     | Slain by a red ugly thing

Illustrated notes

Levels and vault maps discovered:
D:1:      matt_arrival_los_fun, layout_rooms
D:2:      cheibrodos_helix_gallery, layout_loops_corners
D:3:      gammafunk_steamed_eel, layout_basic, uniq_purgy
D:4:      layout_loops_ring, first_ration, nicolae_ossuary_entry_monument,
          minmay_strange_pillars
D:5:      minmay_evil_eye, layout_rooms, nicolae_overflow_hidden_temple,
          nemelex_altar_shiori, serial_rivers, chequers_serial_rivers_small_3,
          chequers_serial_rivers_room_a, chequers_serial_rivers_small_3,
          chequers_serial_rivers_small_3, chequers_serial_rivers_large_b,
          chequers_serial_rivers_small_a, lightli_minifort
D:6:      layout_loops_ring, minitemple, minmay_temple_entry_antechambers,
          minmay_misc_feat_room, due_unseen_surprise
D:7:      layout_layer_cave, serial_shops, nicolae_shop_crystal, uniq_pikel,
          uniq_maggie
D:8:      layout_loops_cross, dpeg_lair_monsters
D:9:      minmay_weird_star, layout_loops_ring, orc_0_dummy, serial_shops, shop,
          kennysheep_mini, nicolae_shop_stone
D:10:     layout_small_grid, uniq_harold
D:11:     layout_basic
Temple:   regret_index_temple_sphere_string

Skill      XL: |  1  2  3  4  5  6  7  8  9 10 11 |
---------------+----------------------------------+-----
Fighting       | 1 2 3 4 5 6 8 10 12 14 15 | 15.1
Axes           | 5 |  5.8
Maces & Flails | |  0.3
Dodging        | |  2.2
Stealth        | |  2.5
Spellcasting   | |  1.8
Necromancy     | |  4.4

Action                   |  1- 3 |  4- 6 |  7- 9 | 10-12 || total
-------------------------+-------+-------+-------+-------++-------
Melee: Club              |    48 |    43 |       |       ||    91
       Unarmed           |     2 |       |       |       ||     2
       Spear             |       |   131 |   557 |   165 ||   853
       War axe           |       |       |       |   104 ||   104
       Flail             |       |       |       |     5 ||     5
Throw: Stone             |       |       |     6 |     4 ||    10
       Dart              |       |       |     5 |     5 ||    10
       Throwing net      |       |       |       |     1 ||     1
 Cast: Pain              |    51 |    27 |    12 |       ||    90
 Abil: Heal Wounds       |     3 |     6 |    22 |    23 ||    54
Evoke: Wand              |       |     5 |     7 |     1 ||    13
  Use: Scroll            |       |       |     2 |     2 ||     4
       Potion            |       |       |       |    12 ||    12
 Stab: Sleeping          |       |     1 |     4 |     3 ||     8
       Held in net/web   |       |       |       |     2 ||     2
  Eat: Ration            |       |     3 |     3 |     2 ||     8
Armor: Robe              |    12 |     5 |       |       ||    17
       Chain mail        |       |    34 |       |       ||    34
       Scale mail        |       |    16 |    97 |       ||   113
       Acid dragon scale |       |       |   110 |   100 ||   210
Dodge: Dodged            |    72 |    78 |   286 |   152 ||   588

Table legend:
 A = Non-vault XP
 B = Vault XP
 C = Vault XP percentage of total XP
 D = Non-vault monster count
 E = Vault monster count
 F = Vault count percentage of total count
                 A         B        C        D         E       F
            +---------+---------+-------+---------+---------+-------
      Total |    9948 |    6288 |  38.7 |     198 |      22 |  10.0
            +---------+---------+-------+---------+---------+-------
        D:1 |      11 |       0 |   0.0 |       6 |       0 |   0.0
        D:2 |      90 |      28 |  23.7 |      18 |       2 |  10.0
        D:3 |     144 |     130 |  47.4 |      12 |       1 |   7.7
        D:4 |     152 |       0 |   0.0 |      14 |       0 |   0.0
        D:5 |     443 |     190 |  30.0 |      15 |       7 |  31.8
        D:6 |     804 |       0 |   0.0 |      20 |       0 |   0.0
        D:7 |    1170 |    1069 |  47.7 |      23 |       2 |   8.0
        D:8 |    2857 |    3874 |  57.6 |      32 |       9 |  22.0
        D:9 |    1678 |       0 |   0.0 |      16 |       0 |   0.0
       D:10 |    2596 |     997 |  27.7 |      41 |       1 |   2.4
       D:11 |       3 |       0 |   0.0 |       1 |       0 |   0.0
            +---------+---------+-------+---------+---------+-------
